 Dungeon Crawl Stone Soup version 0.29-a0-308-g4e025c60ea (webtiles) character file.

Game seed: 4598402269507835040

533882 EnegeticOcto the Pulveriser (level 24, -1/213 (215) HPs)
             Began as a Palentonga Earth Elementalist on Mar 28, 2022.
             Was a Believer of Zin (penitent).
             Slain by a vault guard
             ... wielding a +0 long sword
              (9 damage)
             ... on level 5 of the Vaults.
             The game lasted 01:58:15 (77675 turns).

EnegeticOcto the Pulveriser (PaEE)                 Turns: 77675, Time: 01:58:15

HP:   -1/213 (215)  AC: 50    Str: 19    XL:     24   Next: 51%
MP:   32/32         EV:  8    Int: 23    God:    Zin [**....]
Gold: 506           SH: 19    Dex: 12    Spells: 18/27 levels left

rFire   + + .      SeeInvis +   B - +3 Elemental Staff {rElec rF++ rC++ AC+5}
rCold   + + +      Faith    .   H - +4 kite shield "Ciasohost" {Fly Will+}
rNeg    . . .      Spirit   .   o - quicksilver dragon scales
rPois   .          Reflect  +   f - +2 helmet
rElec   +          Harm     .   X - +2 cloak
rCorr   .          Rampage  .   K - +2 pair of gloves {Stlth+}
Will    +++..                   T - +3 barding "Ruotruh" {rC+}
Stlth   +.........              l - amulet "Epirafyxt" {Reflect Int+4 SH+5}
HPRegen 0.45/turn               a - +4 ring of protection
MPRegen 0.23/turn               b - +4 ring of protection

@: silenced (expiring), flying, lightly drained, curled up
A: large, rugged brown scales 3, see invisible, deformed body, roll 2, armoured
tail, reflexive curl, sense surroundings 1, electricity resistance
}: 3/15 runes: decaying, serpentine, abyssal
a: Rolling Charge, Renounce Religion


You were on level 5 of the Vaults.
You worshipped Zin.
Zin was demanding penance.
You visited 9 branches of the dungeon, and saw 44 of its levels.
You visited the Abyss 1 time.
You also visited: Ice Cave.

You collected 5128 gold pieces.
You spent 3190 gold pieces at shops.
You donated 1432 gold pieces to Zin.

Inventory:

Hand Weapons
 B - the +3 Elemental Staff (weapon) {rElec rF++ rC++ AC+5}
   (You found it on level 2 of the Lair of Beasts)

   If the wielder is skilled in Evocations, they can discharge powerful blasts
   of elemental energy when striking with it.
   It enhances your fire, ice, earth and air magic.
   AC:        It affects your AC (+5).
   rF:        It greatly protects you from fire.
   rC:        It greatly protects you from cold.
   rElec:     It insulates you from electricity.
Missiles
 m - 9 throwing nets {!f}
 r - 9 curare-tipped darts
Armour
 f - a +2 helmet (worn)
   (You found it on level 5 of the Lair of Beasts)
 o - quicksilver dragon scales (worn)
   (You found it on level 4 of the Depths)
 E - the +3 warlock's mirror {reflect}
   (You acquired it on level 4 of the Dungeon)

   It can block and reflect piercing ranged attacks and magical attacks against
   the wielder's willpower.
 H - the +4 kite shield "Ciasohost" (worn) {Fly Will+}
   (You took it off a deep elf high priest on level 2 of the Vaults)

   Fly:       It grants you flight.
   Will:      It increases your willpower.
 K - a +2 pair of gloves of stealth (worn)
   (You bought it in a shop on level 12 of the Dungeon)
 T - the +3 barding "Ruotruh" (worn) {rC+}
   (You acquired it on level 15 of the Dungeon)

   rC:        It protects you from cold.
 X - a +2 cloak (worn)
   (You took it off Maurice on level 8 of the Dungeon)
Jewellery
 a - a +4 ring of protection (left hand)
   (You bought it in a shop on level 12 of the Dungeon)
 b - a +4 ring of protection (right hand)
   (You took it off a wight on level 9 of the Dungeon)
 l - the amulet "Epirafyxt" (around neck) {Reflect Int+4 SH+5}
   (You took it off a deep elf elementalist on level 3 of the Elven Halls)

   [amulet of reflection]

   It reflects blocked missile attacks.
   Int:       It affects your intelligence (+4).
   SH:        It affects your SH (+5).
 M - a ring of resist corrosion
   (You found it on level 6 of the Dungeon)
 O - a ring of willpower
   (You found it on level 2 of the Depths)
Wands
 x - a wand of acid (16) {@v1}
   (You found it on level 4 of the Lair of Beasts)
 y - a wand of charming (30)
   (You found it on level 4 of the Dungeon)
 G - a wand of flame (42) {@v4}
   (You found it on level 9 of the Dungeon)
 I - a wand of paralysis (10)
   (You found it on level 5 of the Dungeon)
 J - a wand of mindburst (4)
   (You found it on level 2 of the Depths)
 R - a wand of iceblast (9) {@v2}
   (You found it on level 7 of the Dungeon)
 W - a wand of digging (8) {@v3}
   (You took it off Maurice on level 8 of the Dungeon)
Scrolls
 e - 3 scrolls of immolation
 j - 13 scrolls of teleportation {@r3 !r}
 n - 7 scrolls of blinking {@r4}
 s - 10 scrolls of fog {!r}
 v - 3 scrolls of magic mapping {@r5 !r}
 w - 4 scrolls of vulnerability
 z - a scroll of enchant armour
 C - a scroll of holy word
 N - 6 scrolls of fear {!r}
 Q - 3 scrolls of enchant weapon
Potions
 c - 4 potions of magic
 g - 4 potions of haste {@q4 !q}
 i - 5 potions of brilliance
 q - 5 potions of invisibility
 t - 8 potions of attraction
 u - 4 potions of resistance
 A - 2 potions of berserk rage
 D - 7 potions of curing {@q1 !q}
 F - 4 potions of flight
 V - 5 potions of might {@q3 !q}
 Y - 3 potions of cancellation
Miscellaneous
 d - a phantom mirror (inert)
   (You found it on level 10 of the Dungeon)
 h - a condenser vane
   (You found it on level 3 of the Elven Halls)
 p - a lightning rod (4/4)
   (You found it on level 1 of the Lair of Beasts)
 Z - a tin of tremorstones (inert)
   (You found it on level 9 of the Dungeon)


   Skills:
 + Level 19.1 Fighting
 - Level 15.1(21.4) Maces & Flails
 * Level 24.3(25.7) Staves
 + Level 9.3 Armour
 + Level 7.3 Dodging
 - Level 3.0 Stealth
 + Level 6.9 Shields
 - Level 2.0 Spellcasting
 - Level 3.0 Conjurations
 - Level 6.0 Translocations
 - Level 1.0 Transmutations
 - Level 5.0 Earth Magic
 - Level 12.0 Invocations
 - Level 18.0 Evocations


You had 18 spell levels left.
You knew the following spells:

 Your Spells              Type           Power      Damage    Failure   Level
a - Apportation           Tloc           58%        N/A       3%          1
b - Stone Arrow           Conj/Erth      62%        3d10      24%         3
c - Sandblast             Erth           74%        2d16      5%          1
p - Passwall              Tmut/Erth      20%        N/A       19%         2
Y - Blink                 Tloc           58%        N/A       5%          2

Your spell library contained the following spells:

 Spells                   Type           Power      Damage    Failure   Level
 Gell's Gravitas          Tloc           29%        N/A       11%         3
 Lesser Beckoning         Tloc           29%        N/A       11%         3
 Teleport Other           Tloc           29%        N/A       11%         3
 Passage of Golubria      Tloc           29%        N/A       34%         4
 Slow                     Hex            8%         N/A       38%         1
 Corpse Rot               Necr/Air       6%         N/A       52%         2
 Ensorcelled Hibernation  Hex/Ice        6%         N/A       52%         2
 Poisonous Vapours        Pois/Air       6%         N/A       52%         2
 Scorch                   Fire           6%         2d5       52%         2
 Sublimation of Blood     Necr           2%         N/A       52%         2
 Conjure Flame            Conj/Fire      13%        6-21      54%         3
 Dazzling Flash           Conj/Hex       18%        N/A       54%         3
 Iskenderun's Mystic Bla  Conj/Tloc      23%        2d6       54%         4
 Mephitic Cloud           Conj/Pois/Air  10%        N/A       63%         3
 Manifold Assault         Tloc           29%        N/A       67%         5
 Spider Form              Tmut/Pois      4%         N/A       69%         3
 Ignite Poison            Fire/Tmut/Pois 5%         N/A       71%         3
 Petrify                  Tmut/Erth      24%        N/A       75%         4
 Confusing Touch          Hex            2%         N/A       77%         3
 Inner Flame              Hex/Fire       3%         N/A       77%         3
 Ozocubu's Armour         Ice            3%         N/A       77%         3
 Tukima's Dance           Hex            2%         N/A       77%         3
 Vampiric Draining        Necr           2%         2d6       77%         3
 Lee's Rapid Deconstruct  Erth           18%        3d12*     82%         5
 Flame Wave               Conj/Fire      13%        2d6       91%         4
 Fulminant Prism          Conj/Hex       4%         3d6       91%         4
 Hailstorm                Conj/Ice       13%        3d5       91%         4
 Sticky Flame             Conj/Fire      13%        2d4       91%         4
 Ice Form                 Ice/Tmut       6%         N/A       97%         4
 Summon Forest            Summ/Tloc      8%         N/A       97%         5
 Airstrike                Air            1%         N/A       99%         4
 Anguish                  Hex/Necr       1%         N/A       99%         4
 Animate Dead             Necr           1%         N/A       99%         4
 Cause Fear               Hex            1%         N/A       99%         4
 Dispel Undead            Necr           2%         3d7       99%         4
 Summon Lightning Spire   Summ/Air       3%         N/A       99%         4
 Borgnjor's Vile Clutch   Necr/Erth      10%        N/A       99%         5
 Fireball                 Conj/Fire      6%         3d5       99%         5
 Irradiate                Conj/Tmut      5%         3d15      99%         5
 Lightning Bolt           Conj/Air       6%         1d18      99%         5
 Alistair's Intoxication  Tmut/Pois      2%         N/A       100%        5
 Blade Hands              Tmut           3%         N/A       100%        5
 Freezing Cloud           Conj/Ice/Air   7%         6-21      100%        5
 Metabolic Englaciation   Hex/Ice        1%         N/A       100%        5
 Silence                  Hex/Air        1%         N/A       100%        5
 Yara's Violent Unravell  Hex/Tmut       2%         3d3       100%        5
 Eringya's Noxious Bog    Tmut/Pois      2%         N/A       100%        6
 Simulacrum               Ice/Necr       1%         N/A       100%        6
 Starburst                Conj/Fire      6%         6d4       100%        6
 Summon Cactus Giant      Summ           1%         N/A       100%        6
 Haunt                    Necr/Summ      1%         N/A       100%        7
 Malign Gateway           Summ/Tloc      8%         N/A       100%        7
 Storm Form               Tmut/Air       3%         N/A       100%        7
 Summon Hydra             Summ           1%         N/A       100%        7
 Discord                  Hex            1%         N/A       100%        8
 Ignition                 Fire           1%         3d3       100%        8
 Infestation              Necr           1%         N/A       100%        8
 Lehudib's Crystal Spear  Conj/Erth      15%        10d5      100%        8
 Summon Horrible Things   Summ           1%         N/A       100%        8


Dungeon Overview and Level Annotations

Branches:
Dungeon (15/15)            Temple (1/1) D:5            Lair (6/6) D:9
  Swamp (4/4) Lair:4        Snake (4/4) Lair:3        Slime (0/5) Lair:5
    Orc (2/2) D:10            Elf (3/3) Orc:2        Vaults (5/5) D:13
  Crypt (0/3) Vaults:2     Depths (4/4) D:15            Zot (0/5) Depths:4
  IceCv (visited)

Altars:
Ashenzari
Cheibriados
Dithmenos
Elyvilon
Fedhas
Gozag
Hepliaklqana
Nemelex Xobeh
Okawaru
Qazlal
Ru
Uskayaw
Vehumet
Xom
Yredelemnul
Zin
The Shining One
Beogh

Shops:
D:12 =[:   D:15 ?   Orc:2 (*=(   Elf:3 *   Vaults:2 ((?   Vaults:3 (
Depths:3 :=:

Portals:
Hell: Depths:1 Depths:2 Depths:3 Depths:4
Abyss: Depths:3
Pandemonium: Depths:2
Ziggurat: Depths:1
Trove: D:12 (give +7 demon whip)

Annotations:
D:3 2 transporters, Colgate's ghost, amateur SpEn
D:6 3 runed translucent doors, exclusion: 3 doors, flestrin's ghost, novice MfTm
D:13 3 runed translucent doors, feta's ghost, novice TrFi
Lair:1 4 exclusions
Lair:5 exclusion: oklob plant
Elf:2 3 runed translucent doors, exclusion: orange crystal statue


Innate Abilities, Weirdness & Mutations

You are completely covered in rugged brown scales. (AC +3, +7% HP)
You have supernaturally acute eyesight. (SInv)
Armour fits poorly on your strangely shaped body.
You can roll at foes to attack.
You have a long armoured tail.
You curl defensively after being hit. (AC +7*)
You passively map a small area around you.
You are resistant to electric shocks. (rElec)


Message History

The frost giant is almost dead.
You hit the frost giant. You crush the frost giant!
You tail-slap the frost giant, but do no damage.
The frost giant is almost dead.
You block the vault guard's attack.
You hit the frost giant.
You kill the frost giant!
The vault guard hits you but does no damage.
You sock the titan! You freeze the titan! You tail-slap the titan.
The titan is almost dead.
You block the titan's attack.
An ancient lich comes into view.
You block the vault guard's attack.
You hit the titan.
You tail-slap the titan, but do no damage.
The titan is almost dead.
You barely miss the titan.
The titan is almost dead.
You block the titan's attack. You block the vault guard's attack.
A +1 dire flail of protection comes into view.
You sock the titan!
The titan is almost dead.
You block the titan's attack.
The vault guard hits you but does no damage.
You hit the titan. You burn the titan!
You kill the titan!
As you read the scroll of silence, it crumbles to dust.
A profound silence engulfs you. You block the vault guard's attack.
You hit the vault guard but do no damage.
You electrocute the vault guard!!
Your tail-slap misses the vault guard.
The vault guard is almost dead.
You block the vault guard's attack.
The ancient lich touches you but does no damage.
You completely miss the vault guard.
The vault guard is almost dead.
A vault guard comes into view.
It is wielding a +0 long sword and wearing a +2 chain mail of fire resistance.
You block the vault guard's attack.
The ancient lich touches you but does no damage.
You hit the vault guard but do no damage.
You electrocute the vault guard!
You kill the vault guard!
You block the ancient lich's attack.
You closely miss the ancient lich. You hit the ancient lich.
You electrocute the ancient lich.
The ancient lich is lightly damaged.
The ancient lich touches you but does no damage.
You hit the ancient lich but do no damage.
The ancient lich is lightly damaged.
The ancient lich touches you but does no damage.
You barely miss the ancient lich. You tail-slap the ancient lich.
The ancient lich is lightly damaged.
The vault guard barely misses you.
The ancient lich touches you but does no damage.
You hit the ancient lich but do no damage.
You burn the ancient lich! You tail-slap the ancient lich.
The ancient lich is lightly damaged.
You hit the ancient lich but do no damage.
You burn the ancient lich!
Your tail-slap misses the ancient lich.
The ancient lich is moderately damaged.
The vault guard hits you with a +0 long sword!
You block the ancient lich's attack.
You barely miss the ancient lich.
The ancient lich is moderately damaged.
You block the vault guard's attack.
The ancient lich touches you but does no damage.
You completely miss the ancient lich. You tail-slap the ancient lich.
The ancient lich is moderately damaged.
You barely miss the ancient lich.
The ancient lich is moderately damaged.
You block the vault guard's attack.
The ancient lich touches you but does no damage.
Aiming: Phantom Mirror
Press: ? - help, Dir - move target, f - ancient lich
Aim: an ancient lich (silenced, moderately damaged)
You reflect the ancient lich with the mirror!
The mirror clouds!
You block the vault guard's attack.
Your ancient lich touches the ancient lich but does no damage.
The ancient lich touches you.
You feel drained.
You hit the ancient lich but do no damage.
You electrocute the ancient lich.
The ancient lich is moderately damaged.
The vault guard hits you but does no damage.
The ancient lich gestures at you while chanting.
You resist with almost no effort.
Your ancient lich touches the ancient lich but does no damage.
You hit the ancient lich but do no damage.
You crush the ancient lich!
Your tail-slap misses the ancient lich.
The ancient lich is moderately damaged.
You closely miss the ancient lich.
The ancient lich is moderately damaged.
The vault guard hits you with a +0 long sword.
Your ancient lich touches the ancient lich but does no damage.
The ancient lich casts a spell at you. The crystal spear hits you!!!!
* * * LOW HITPOINT WARNING * * *
You hit the ancient lich but do no damage.
You crush the ancient lich!
Your tail-slap misses the ancient lich.
The ancient lich is heavily damaged.
The vault guard hits you with a +0 long sword!
You die...

#########################
.....o.........))LL.)...#
.............)).@p)=....#
####################)...#
,,,,,............pC)รท)..#
,,,,,,###*#)...CC....#..#
,,,,,,#...#...).)....#..#
***,,,#...'.))##'##).#..#
,,*,,,#...#.).#...#..#..#
,,*,,,#####.C.#...#..#..#
,,*..,,,,.....#...#..#..#


You could see an ancient lich (ally target), a vault guard and a friendly
ancient lich (summoned, drained).

Vanquished Creatures
  An ancient lich (Vaults:5)
  A juggernaut (Depths:2)
  Sojobo (Depths:2)
  Saint Roka (Snake:2)
  2 profane servitors
  3 bone dragons
  Zenata (Elf:1)
  5 tentacled monstrosities
  3 liches
  Mlioglotl (Swamp:4)
  2 deep elf master archers (Elf:3)
  A quicksilver dragon (Depths:4)
  5 titans (Vaults:5)
  2 deep elf blademasters (Elf:3)
  A tentacled starspawn (Abyss:4)
  7 sphinxes
  3 death cobs
  2 shadow dragons (Depths:4)
  5 tengu reavers
  A storm dragon (Vaults:3)
  A fenstrider witch (Swamp:4)
  An iron dragon (Depths:1)
  4 nagarajas
  A draconian knight (Depths:4)
  5 deep elf sorcerers
  7 fire giants
  13 vault wardens
  9 frost giants
  5 deep elf elementalists (Elf:3)
  Louise (Elf:1)
  18 ironbound preservers
  A spriggan defender (Depths:2)
  A draconian annihilator (Depths:4)
  3 war gargoyles
  A caustic shrike skeleton (Depths:2)
  4 ironbound thunderhulks
  11 stone giants
  19 very ugly things
  4 vampire knights
  A green draconian (Depths:4)
  2 bunyips
  A black draconian (Depths:4)
  5 deep elf demonologists (Elf:3)
  A white draconian (Depths:4)
  2 red draconians (Depths:4)
  2 eleionomae (Swamp:1)
  5 deep elf annihilators
  5 spark wasps
  A purple draconian (Depths:4)
  11 dire elephants
  7 deep elf death magi
  A merfolk javelineer (Depths:1)
  6 deep elf high priests
  An eidolon (Vaults:2)
  A crystal guardian (Vaults:1)
  7 ettins
  18 yaktaur captains
  5 great orbs of eyes
  10 naga warriors
  6 fire dragons
  19 vault guards
  A shambling mangrove (Swamp:4)
  6 boulder beetles
  2 hell beasts (Depths:1)
  4 rakshasas
  2 peacekeepers
  12 hydras
  A catoblepas (D:13)
  3 ghost crabs
  4 ice dragons
  2 spriggan air magi
  9 anacondas
  2 death knights (Vaults:2)
  8 two-headed ogres
  8 ironbound frosthearts
  4 alligators
  5 tengu warriors
  15 centaur warriors
  6 dancing weapons
  4 deep troll shamans
  A satyr (Abyss:4)
  10 deep troll earth magi
  2 death yaks (Lair:6)
  4 shock serpents (Snake:2)
  A spectral human (Elf:1)
  3 thrashing horrors (Abyss:4)
  2 naga sharpshooters
  A vampire mage (Depths:2)
  A hell knight (Depths:3)
  4 orc high priests
  6 spriggan berserkers
  A storm dragon zombie (Vaults:2)
  20 deep elf knights
  2 shock serpents (shapeshifter)
  A wretched star (Abyss:4)
  A soul eater (Depths:1)
  2 salamander mystics (Snake:4)
  61 deep trolls
  3 goliath frogs
  8 iron trolls
  2 spectral elves (Elf:1)
  A glowing orange brain (shapeshifter) (D:14)
  6 swamp dragons
  A glowing orange brain (Depths:1)
  22 ironbound convokers
  3 lindwurms
  A spriggan rider (Lair:6)
  A death drake (Swamp:4)
  2 flayed ghosts
  2 spriggan druids
  3 harpies (Vaults:2)
  13 deep elf archers
  8 naga ritualists (Snake:4)
  A tengu zombie (Vaults:4)
  29 deep elf pyromancers
  An iron dragon zombie (Vaults:3)
  5 orc knights
  11 wizards
  4 necromancers
  24 deep elf zephyrmancers
  4 mana vipers
  4 manticores
  8 orc sorcerers
  A cyclops (shapeshifter) (Elf:1)
  2 cyclopes (D:13)
  14 salamanders
  60 ugly things
  2 worldbinders (Abyss:4)
  A tengu skeleton (Depths:2)
  34 black mambas
  21 vault sentinels
  A stone giant zombie (Vaults:3)
  11 guardian serpents
  2 apocalypse crabs (Abyss:4)
  2 elephants (Lair:3)
  7 naga magi
  Maurice (D:8)
  A torpor snail (Lair:3)
  Joseph (D:7)
  A gargoyle (D:13)
  A smoke demon (Abyss:4)
  A human skeleton (Vaults:3)
  9 cane toads
  Maggie (D:6)
  An elf skeleton (Vaults:4)
  7 rime drakes
  3 unseen horrors
  2 kobold demonologists
  36 yaktaurs
  An efreet (D:13)
  A swamp worm zombie (Swamp:4)
  3 freezing wraiths
  4 komodo dragons
  A komodo dragon (shapeshifter) (Depths:4)
  2 tengu conjurers
  2 hellwings (Abyss:4)
  A burning bush (Lair:6)
  13 trolls
  A raiju (shapeshifter) (Elf:3)
  6 tyrant leeches
  6 hornets
  A polar bear (Lair:6)
  3 dream sheep
  A tengu simulacrum (Depths:2)
  A sphinx simulacrum (Vaults:4)
  A blink frog (shapeshifter) (D:15)
  24 slime creatures
  12 blink frogs
  A raiju (Abyss:4)
  A large abomination (Abyss:4)
  Sigmund (D:5)
  14 spriggans
  4 air elementals
  21 yaks
  5 humans (D:8)
  3 wraiths
  5 basilisks
  8 fire elementals
  7 water elementals
  A steam dragon (D:8)
  A death yak simulacrum (IceCv)
  A spectral salamander (Snake:4)
  8 vampire mosquitoes
  A yaktaur simulacrum (Vaults:3)
  36 nagas
  A human zombie (Vaults:4)
  2 wargs
  16 swamp worms
  2 acid dragons
  7 hydra simulacra (Depths:2)
  16 water moccasins
  A swamp worm (shapeshifter) (D:14)
  A cane toad zombie (Lair:6)
  A floating eye (Depths:3)
  3 swamp drakes (Swamp:4)
  3 ice beasts
  4 sky beasts
  7 black bears
  A boggart (shapeshifter) (D:13)
  A swamp dragon zombie (Swamp:4)
  30 orc warriors
  10 ogres
  7 centaurs
  18 wolves
  3 boggarts (Lair:6)
  10 kobold brigands
  A salamander zombie (Snake:3)
  2 earth elementals
  A gnoll sergeant (D:10)
  11 bullfrogs
  4 scorpions
  2 cane toad simulacra (IceCv)
  6 wights
  5 killer bees (D:7)
  4 spectral nagas (Snake:4)
  2 howler monkeys
  A wolf zombie (Lair:6)
  3 electric eels
  A bullfrog zombie (D:7)
  7 hounds
  2 jellies
  A gnoll shaman (D:3)
  23 orc priests
  5 iguanas
  A hell rat (Lair:6)
  A lightning spire (Swamp:3)
  18 orc wizards
  A polar bear simulacrum (IceCv)
  An ogre zombie (Orc:2)
  3 naga zombies (Snake:4)
  3 orc zombies (Orc:2)
  8 adders
  18 gnolls
  A shadow imp (D:8)
  2 white imps
  An ufetubus (D:6)
  2 worms
  3 dart slugs
  87 orcs
  7 ball pythons
  5 bats
  6 endoplasms
  4 giant cockroaches
  6 goblins
  5 hobgoblins
  3 jackals (D:2)
  34 kobolds
  3 quokkas
  2 frilled lizards
  3 rats (D:1)
  3 spectral orcs (Orc:2)
  A ball lightning (Swamp:3)
  A butterfly (Lair:2)
  A lurking horror (Abyss:4)
1546 creatures vanquished.

Vanquished Creatures (collateral kills)
  the Lernaean hydra (Swamp:4)
  A bone dragon (Elf:3)
  A tentacled monstrosity (Swamp:2)
  Jorgrun (Swamp:2)
  A tengu reaver (Depths:4)
  3 nagarajas (Snake:4)
  A thorn hunter (Abyss:4)
  A shadow dragon (Vaults:5)
  A fenstrider witch (Swamp:1)
  A deep elf sorcerer (Elf:1)
  A frost giant (Swamp:4)
  A stone giant (Depths:2)
  A bunyip (Swamp:1)
  A spark wasp (Depths:4)
  An eidolon (Abyss:4)
  2 ettins
  A shambling mangrove (Swamp:4)
  A spriggan air mage (Swamp:3)
  A yaktaur captain (Vaults:5)
  4 naga warriors
  10 hydras
  2 two-headed ogres
  A centaur warrior (D:14)
  A satyr (Abyss:4)
  2 death yaks (Lair:6)
  A tengu warrior (D:15)
  A hell hog (Abyss:4)
  3 naga sharpshooters (Snake:3)
  2 thrashing horrors (Abyss:4)
  An orc high priest (Orc:2)
  2 shock serpents
  2 salamander mystics
  A spriggan druid (Swamp:2)
  A glowing orange brain (D:13)
  4 swamp dragons (Swamp:4)
  A naga ritualist (Snake:1)
  A wizard (D:15)
  A deep elf zephyrmancer (Elf:1)
  A bog body (Swamp:1)
  2 mana vipers
  A cyclops (D:15)
  An orc knight (Orc:2)
  6 salamanders
  An oklob plant (Lair:5)
  4 slime creatures (D:15)
  3 will-o-the-wisps
  7 ugly things
  2 elephants (Lair:3)
  2 manticores (D:12)
  An apocalypse crab (Abyss:4)
  5 cane toads
  15 black mambas
  3 naga magi
  A guardian serpent (Snake:4)
  An efreet (D:15)
  A komodo dragon (Lair:6)
  A kobold demonologist (D:11)
  A swamp worm zombie (Swamp:4)
  A hellwing (Abyss:4)
  An ice devil (Abyss:4)
  A burning bush (Lair:6)
  A polar bear (Lair:6)
  7 hornets
  2 tyrant leeches
  6 blink frogs
  A spectral orc (Orc:2)
  7 dream sheep (Lair:6)
  10 spriggans
  A wyvern (D:9)
  A human (D:8)
  21 yaks
  A basilisk (D:9)
  2 vampire mosquitoes (D:12)
  3 wargs
  15 nagas
  3 swamp worms
  A floating eye (shapeshifter) (D:13)
  2 water moccasins (Lair:6)
  11 orc warriors
  5 swamp drakes (Swamp:4)
  A sky beast (D:7)
  A boggart (Lair:6)
  4 ogres
  8 wolves
  A centaur (D:7)
  2 kobold brigands (D:10)
  3 bullfrogs
  5 gnoll sergeants
  7 wights
  2 electric eels (Lair:1)
  A hound (D:6)
  6 orc priests
  A jelly (D:6)
  A gnoll shaman (D:6)
  3 orc wizards
  A lightning spire (Swamp:3)
  6 gnolls
  2 adders (D:6)
  A shadow imp (D:5)
  An ufetubus (D:6)
  21 orcs
  2 kobolds (D:7)
  A briar patch (Abyss:4)
  A bush (Lair:5)
  A butterfly (Lair:3)
308 creatures vanquished.

Vanquished Creatures (others)
  A bone dragon (Abyss:4)
  An ice dragon (Depths:1)
  A vault guard (Vaults:5)
  A fenstrider witch zombie (Swamp:4)
  2 spectral nagas (Snake:4)
  A deep elf knight (Elf:3)
  2 anaconda zombies (Snake:4)
  A spectral salamander (Snake:4)
  3 wizards
  2 deep elf pyromancers (Elf:1)
  A frost giant zombie (Swamp:4)
  5 ugly thing zombies (D:15)
  A will-o-the-wisp (Swamp:3)
  A goliath frog zombie (Swamp:2)
  A spectral glowing orange brain (Swamp:4)
  2 spectral slime creatures (D:15)
  A swamp worm zombie (Swamp:2)
  A spectral mana viper (Snake:4)
  A bloated husk (Swamp:4)
  A death drake zombie (Swamp:4)
  5 hydra zombies
  4 guardian serpent zombies
  2 alligator zombies (Swamp:4)
  12 black mamba zombies
  A water elemental (Depths:2)
  2 tyrant leech zombies
  A redback simulacrum (D:15)
  A two-headed ogre zombie (Orc:2)
  A hornet zombie (Swamp:4)
  4 blink frog zombies
  An elephant zombie (Lair:3)
  2 swamp dragon zombies (Swamp:4)
  A vampire mosquito zombie (D:10)
  2 rime drake zombies (Lair:1)
  3 salamander zombies
  2 komodo dragon zombies
  4 water moccasin zombies
  A wyvern zombie (D:9)
  A spriggan zombie (Swamp:4)
  3 warg zombies
  10 yak zombies
  2 troll zombies
  A spectral ice beast (D:5)
  2 wolf zombies (Lair:6)
  2 bullfrog zombies
  A basilisk zombie (D:9)
  3 centaur zombies
  6 human zombies
  4 killer bee zombies (D:7)
  An acid dragon zombie (D:9)
  A sky beast zombie (D:6)
  11 naga zombies
  5 ogre zombies
  A howler monkey zombie (D:9)
  A spectral jelly (D:6)
  A steam dragon zombie (D:8)
  4 swamp drake zombies (Swamp:4)
  An electric eel zombie (Lair:1)
  An adder zombie (D:6)
  52 orc zombies
  2 spectral shadow imps
  14 gnoll zombies
  13 kobold zombies
  A quokka zombie (D:5)
  2 spectral ufetubi (D:6)
  A ball lightning (Swamp:3)
  A briar patch (Abyss:4)
  40 foxfires
  47 fungi
  139 plants
  2 starspawn tentacles (Abyss:4)
455 creatures vanquished.

Grand Total: 2309 creatures vanquished

Notes
Turn   | Place    | Note
-------+----------+-------------------------------------------
     0 | D:1      | EnegeticOcto the Palentonga Earth Elementalist began the
                  | quest for the Orb.
     0 | D:1      | Reached XP level 1. HP: 13/13 MP: 3/3
   578 | D:1      | Reached XP level 2. HP: 10/20 MP: 1/5
   760 | D:1      | Reached skill level 2 in Stealth
  1615 | D:2      | Reached XP level 3. HP: 22/25 MP: 3/6
  1771 | D:2      | Reached skill level 3 in Stealth
  1983 | D:2      | Reached skill level 3 in Earth Magic
  1987 | D:2      | Reached XP level 4. HP: 32/32 MP: 4/7
  2087 | D:2      | Learned a level 2 spell: Passwall
  2091 | D:2      | Learned a level 3 spell: Stone Arrow
  2573 | D:3      | Found a transporter.
  2576 | D:3      | Found a transporter.
  2576 | D:3      | Noticed Colgate's ghost (amateur SpEn)
  2605 | D:3      | Found a stormy altar of Qazlal.
  2733 | D:3      | Reached skill level 4 in Earth Magic
  3054 | D:3      | Reached XP level 5. HP: 29/37 MP: 8/8
  3262 | D:3      | Reached skill level 1 in Fighting
  3262 | D:3      | Reached skill level 1 in Conjurations
  3286 | D:3      | Reached skill level 2 in Fighting
  3486 | D:4      | Reached skill level 2 in Conjurations
  3486 | D:4      | Reached XP level 6. HP: 47/47 MP: 7/9
  3851 | D:4      | Reached skill level 3 in Conjurations
  4079 | D:4      | Reached skill level 3 in Fighting
  4313 | D:4      | Identified the +1 robe of Jigsaw {rF+}
  4422 | D:4      | Gained mutation: You curl defensively after being hit. (AC
                  | +7*) [Palentonga growth]
  4422 | D:4      | Reached XP level 7. HP: 50/55 MP: 6/10
  4575 | D:4      | Found a sacrificial altar of Ru.
  4575 | D:4      | Found a broken altar of Ashenzari.
  4617 | D:4      | Identified 2 scrolls of acquirement
  4617 | D:4      | Acquired the +3 warlock's mirror {reflect}
  4617 | D:4      | Found the +3 warlock's mirror {reflect}
  4619 | D:4      | Acquired a +0 eveningstar of draining
  4720 | D:5      | Entered Level 5 of the Dungeon
  4972 | D:5      | Found a staircase to the Ecumenical Temple.
  4982 | Temple   | Entered the Ecumenical Temple
  5025 | Temple   | Became a worshipper of Yredelemnul the Dark
  5105 | D:5      | Reached skill level 4 in Fighting
  5105 | D:5      | Reached skill level 1 in Shields
  5105 | D:5      | Reached * piety under Yredelemnul
  5106 | D:5      | Noticed Sigmund
  5144 | D:5      | Killed Sigmund
  5145 | D:5      | Reached skill level 2 in Shields
  5145 | D:5      | Reached skill level 5 in Earth Magic
  5145 | D:5      | Reached skill level 1 in Maces & Flails
  5544 | D:5      | Reached skill level 2 in Maces & Flails
  5759 | D:5      | Reached XP level 8. HP: 65/65 MP: 11/11
  5825 | D:5      | Found a glowing silver altar of Zin.
  5880 | D:5      | Reached skill level 5 in Fighting
  5881 | D:5      | Reached ** piety under Yredelemnul
  6187 | D:6      | Reached skill level 3 in Maces & Flails
  6381 | D:6      | Reached skill level 4 in Maces & Flails
  6695 | D:6      | Reached skill level 6 in Fighting
  6697 | D:6      | Noticed Maggie
  6811 | D:6      | Killed Maggie
  6812 | D:6      | Reached skill level 6 in Maces & Flails
  6923 | D:6      | Found a runed translucent gate.
  6923 | D:6      | Found a runed translucent gate.
  6923 | D:6      | Found a runed translucent gate.
  6967 | D:6      | Noticed flestrin's ghost (novice MfTm)
  7250 | D:6      | Noticed a two-headed ogre
  7256 | D:6      | Reached *** piety under Yredelemnul
  7271 | D:6      | Killed a two-headed ogre
  7272 | D:6      | Reached skill level 8 in Maces & Flails
  7272 | D:6      | Reached XP level 9. HP: 73/73 MP: 1/12
  7614 | D:6      | Reached skill level 9 in Maces & Flails
  8770 | D:7      | Reached skill level 10 in Maces & Flails
  9190 | D:7      | Found a sparkling altar of Nemelex Xobeh.
  9343 | D:7      | Reached XP level 10. HP: 37/81 MP: 13/13
  9748 | D:7      | Noticed Joseph
  9757 | D:7      | Killed Joseph
  9758 | D:7      | Reached skill level 11 in Maces & Flails
 10179 | D:8      | Found a white marble altar of Elyvilon.
 10329 | D:8      | Noticed a green ugly thing
 10337 | D:8      | Killed a green ugly thing
 10338 | D:8      | Reached skill level 12 in Maces & Flails
 10708 | D:8      | Noticed Maurice
 10718 | D:8      | Killed Maurice
 10823 | D:8      | Reached **** piety under Yredelemnul
 11062 | D:8      | Reached skill level 1 in Invocations
 11300 | D:8      | Noticed a six-headed hydra
 11310 | D:8      | HP: 2/81 [six-headed hydra (12)]
 11315 | D:8      | Killed a six-headed hydra
 11316 | D:8      | Reached skill level 2 in Invocations
 11323 | D:8      | HP: 2/82 [unseen horror (3)]
 12138 | D:9      | Reached skill level 13 in Maces & Flails
 12164 | D:9      | Found a snail-covered altar of Cheibriados.
 12282 | D:9      | Reached skill level 3 in Shields
 12295 | D:9      | Reached XP level 11. HP: 34/88 MP: 14/14
 12314 | D:9      | Reached skill level 3 in Invocations
 12536 | D:9      | Found a staircase to the Lair.
 12717 | D:9      | Reached skill level 7 in Fighting
 12809 | D:9      | Reached ***** piety under Yredelemnul
 12810 | D:9      | Reached skill level 4 in Invocations
 13225 | D:9      | Noticed a two-headed ogre
 13235 | D:9      | Killed a two-headed ogre
 13236 | D:9      | Reached skill level 4 in Shields
 13257 | D:9      | Reached ****** piety under Yredelemnul
 13706 | D:10     | Entered Level 10 of the Dungeon
 13818 | D:10     | Reached skill level 5 in Invocations
 13908 | D:10     | Reached skill level 8 in Fighting
 13967 | D:10     | Noticed a two-headed ogre
 13976 | D:10     | Killed a two-headed ogre
 13977 | D:10     | Reached skill level 14 in Maces & Flails
 14775 | D:10     | Found a staircase to the Orcish Mines.
 15314 | Lair:1   | Entered Level 1 of the Lair of Beasts
 15415 | Lair:1   | Reached skill level 15 in Maces & Flails
 15415 | Lair:1   | Reached XP level 12. HP: 98/98 MP: 15/15
 15460 | Lair:1   | Found a frozen archway.
 15610 | Lair:1   | Noticed a seven-headed hydra
 15621 | Lair:1   | Killed a seven-headed hydra
 15622 | Lair:1   | Reached skill level 1 in Armour
 15622 | Lair:1   | Reached skill level 2 in Dodging
 15622 | Lair:1   | Reached skill level 1 in Evocations
 15629 | IceCv    | Entered an ice cave
 16950 | Lair:2   | Found the +3 Elemental Staff {rElec rF++ rC++ AC+5}
 16992 | Lair:2   | Reached skill level 2 in Evocations
 17461 | Lair:2   | Noticed a boulder beetle
 17617 | Lair:2   | Killed a boulder beetle
 17618 | Lair:2   | Reached skill level 1 in Staves
 17618 | Lair:2   | Reached skill level 2 in Armour
 17926 | Lair:2   | Identified the +5 flail of Luykeweq {vorpal, Contam Int+6}
 17940 | Lair:3   | Reached skill level 2 in Staves
 18013 | Lair:3   | Gained mutation: You occasionally shout uncontrollably at
                  | your foes. [potion of mutation]
 18014 | Lair:3   | Lost mutation: You occasionally shout uncontrollably at
                  | your foes. [potion of mutation]
 18014 | Lair:3   | Gained mutation: You can roll at foes to attack. [potion of
                  | mutation]
 18014 | Lair:3   | Gained mutation: You passively map a small area around you.
                  | [potion of mutation]
 18014 | Lair:3   | Gained mutation: You are resistant to electric shocks.
                  | (rElec) [potion of mutation]
 18029 | Lair:3   | Identified the +4 dagger of Profit {spect, *Noise rN+ Str+2
                  | SInv}
 18040 | Lair:3   | Reached skill level 3 in Dodging
 18081 | Lair:3   | Found a staircase to the Snake Pit.
 18096 | Lair:3   | Reached skill level 3 in Staves
 18228 | Lair:3   | Reached skill level 3 in Evocations
 18238 | Lair:3   | Reached skill level 4 in Staves
 18242 | Lair:3   | Reached skill level 3 in Armour
 19035 | Lair:4   | Reached skill level 5 in Staves
 19275 | Lair:4   | Found a staircase to the Swamp.
 19279 | Lair:4   | Reached skill level 4 in Dodging
 19296 | Lair:4   | Reached skill level 4 in Evocations
 19621 | Lair:4   | Reached XP level 13. HP: 87/104 MP: 16/16
 20066 | Lair:5   | Reached skill level 6 in Staves
 20422 | Lair:5   | Reached skill level 4 in Armour
 20779 | Lair:5   | Reached skill level 5 in Evocations
 20891 | Lair:5   | Found a staircase to the Slime Pits.
 21321 | Lair:6   | Entered Level 6 of the Lair of Beasts
 21335 | Lair:6   | Reached skill level 6 in Evocations
 21375 | Lair:6   | Reached skill level 7 in Evocations
 21693 | Lair:6   | Reached skill level 8 in Evocations
 21873 | Lair:6   | Reached skill level 9 in Evocations
 21980 | Lair:6   | Reached skill level 10 in Evocations
 22471 | Lair:6   | Reached XP level 14. HP: 75/112 MP: 17/17
 22750 | Lair:6   | Paralysed by a hornet for 1 turns
 22753 | Lair:6   | Reached skill level 11 in Evocations
 24383 | D:11     | Found Asusy's Magic Scroll Shop.
 24390 | D:11     | Bought 2 scrolls of teleportation for 72 gold pieces
 24390 | D:11     | Bought a scroll of teleportation for 36 gold pieces
 24390 | D:11     | Bought a scroll of teleportation for 36 gold pieces
 24390 | D:11     | Bought a scroll of fog for 24 gold pieces
 24390 | D:11     | Bought a scroll of teleportation for 36 gold pieces
 24390 | D:11     | Bought a scroll of identify for 24 gold pieces
 24390 | D:11     | Bought a scroll of identify for 24 gold pieces
 24390 | D:11     | Bought a scroll of identify for 24 gold pieces
 24662 | Orc:1    | Entered Level 1 of the Orcish Mines
 24835 | Orc:2    | Entered Level 2 of the Orcish Mines
 25105 | Orc:2    | Reached skill level 6 in Invocations
 25246 | Orc:1    | Reached skill level 12 in Evocations
 25946 | Orc:2    | Reached skill level 9 in Fighting
 26047 | Orc:2    | Found Qamm's Weapon Emporium.
 26056 | Orc:2    | Reached skill level 7 in Invocations
 26102 | Orc:2    | Found Luesewaj's Jewellery Shoppe.
 26786 | Orc:2    | Noticed an orc warlord
 26792 | Orc:2    | Killed an orc warlord
 26792 | Orc:2    | Enslaved an orc warlord
 27481 | Orc:2    | Found a staircase to the Elven Halls.
 27843 | Orc:2    | Found Mamukugh's Assorted Antiques.
 27929 | Orc:2    | Bought a scroll of identify for 46 gold pieces
 27929 | Orc:2    | Bought a scroll of fog for 46 gold pieces
 27929 | Orc:2    | Bought a wand of charming (4) for 46 gold pieces
 27929 | Orc:2    | Bought a wand of iceblast (1) for 92 gold pieces
 27929 | Orc:2    | Bought a white potion for 20 gold pieces
 27959 | Orc:2    | Reached skill level 8 in Invocations
 28041 | Orc:2    | Found Etihydos's Weapon Boutique.
 28440 | D:12     | Found Esexkiq's Jewellery Boutique.
 28458 | D:12     | Reached skill level 10 in Fighting
 28458 | D:12     | Reached XP level 15. HP: 41/123 MP: 21/21
 28798 | D:12     | Found Temudghu's Antique Armour Shoppe.
 28808 | D:12     | Bought a pair of runed gloves for 210 gold pieces
 28963 | D:12     | Found Onionnuu's Book Boutique.
 29016 | D:12     | Bought a +4 ring of protection for 396 gold pieces
 29378 | D:12     | Found a portal to a secret trove of treasure.
 29827 | D:13     | Found a radiant altar of Vehumet.
 29834 | D:13     | Reached skill level 13 in Evocations
 30012 | D:13     | Reached skill level 9 in Invocations
 30228 | D:13     | Found a gate to the Vaults.
 30564 | D:13     | Reached skill level 11 in Fighting
 30676 | D:13     | Found a runed translucent gate.
 30676 | D:13     | Found a runed translucent gate.
 30676 | D:13     | Found a runed translucent gate.
 30930 | D:13     | Found a runed translucent gate.
 30930 | D:13     | Found a runed translucent gate.
 30940 | D:13     | Noticed a tentacled monstrosity
 30941 | D:13     | Found a runed translucent gate.
 30942 | D:13     | Noticed feta's ghost (novice TrFi)
 31983 | D:15     | Entered Level 15 of the Dungeon
 32452 | D:15     | Reached skill level 14 in Evocations
 32462 | D:15     | Reached skill level 12 in Fighting
 32535 | D:15     | Found Itimuan's Magic Scroll Emporium.
 33103 | D:15     | Found a staircase to the Depths.
 34074 | D:15     | Bought a scroll of acquirement for 936 gold pieces
 34074 | D:15     | Acquired the +3 barding "Ruotruh" {rC+}
 34295 | Swamp:1  | Entered Level 1 of the Swamp
 34458 | Swamp:1  | Reached skill level 15 in Evocations
 34463 | Swamp:1  | Reached XP level 16. HP: 107/135 MP: 22/22
 35287 | Swamp:2  | Noticed a tentacled monstrosity
 35291 | Swamp:2  | Killed a tentacled monstrosity
 35292 | Swamp:2  | Reached skill level 16 in Evocations
 35297 | Swamp:2  | Noticed Jorgrun
 35302 | Swamp:2  | Killed Jorgrun
 36724 | Swamp:4  | Entered Level 4 of the Swamp
 36792 | Swamp:4  | Got Zityef's Reference Book on Dark Secrets and
                  | Transformation
 37160 | Swamp:4  | Noticed Bai Suzhen
 37168 | Swamp:4  | Noticed Bai Suzhen
 37168 | Swamp:4  | Bai Suzhen changed into Bai Suzhen the frost giant
 37172 | Swamp:4  | Killed Bai Suzhen the frost giant
 37183 | Swamp:4  | Reached skill level 17 in Evocations
 37350 | Swamp:4  | Your ally Bai Suzhen died
 37379 | Swamp:4  | Noticed the 27-headed Lernaean hydra
 37389 | Swamp:4  | Killed the 27-headed Lernaean hydra
 37592 | Swamp:4  | Noticed a tentacled monstrosity
 37606 | Swamp:4  | Killed a tentacled monstrosity
 37713 | Swamp:4  | Noticed Mlioglotl
 37733 | Swamp:4  | Killed Mlioglotl
 38588 | Swamp:4  | Reached skill level 18 in Evocations
 39020 | Swamp:4  | Got a decaying rune of Zot
 39137 | Snake:1  | Entered Level 1 of the Snake Pit
 39252 | Snake:1  | Reached XP level 17. HP: 135/142 MP: 22/24
 39547 | Snake:1  | You fall into a shaft and drop 1 floor!
 39661 | Snake:2  | Noticed Saint Roka
 39695 | Snake:2  | Killed Saint Roka
 39850 | Snake:2  | Reached skill level 5 in Armour
 40418 | Snake:2  | Reached skill level 10 in Invocations
 42265 | Snake:3  | Reached skill level 13 in Fighting
 42274 | Snake:3  | Reached skill level 6 in Armour
 43023 | Snake:3  | Reached skill level 11 in Invocations
 44224 | Snake:4  | Entered Level 4 of the Snake Pit
 44523 | Snake:4  | Reached skill level 7 in Armour
 45050 | Snake:4  | Reached skill level 12 in Invocations
 45116 | Snake:4  | Reached skill level 14 in Fighting
 45508 | Snake:4  | Reached XP level 18. HP: 80/157 MP: 27/27
 45957 | Snake:4  | Got a serpentine rune of Zot
 46005 | Snake:4  | Reached skill level 15 in Fighting
 46006 | Snake:4  | Reached skill level 7 in Staves
 46736 | Elf:1    | Entered Level 1 of the Elven Halls
 46736 | Elf:1    | Noticed Zenata
 46835 | Elf:1    | Killed Zenata
 46853 | Elf:1    | Reached skill level 8 in Staves
 47019 | D:5      | Fell from the grace of Yredelemnul
 47019 | D:5      | Became a worshipper of Zin the Law-Giver
 47019 | D:5      | Reached * piety under Zin
 47019 | D:5      | Reached ** piety under Zin
 47558 | Elf:1    | Noticed Louise
 47579 | Elf:1    | Killed Louise
 47719 | Elf:1    | Reached skill level 9 in Staves
 48005 | Elf:1    | Paralysed by an air elemental for 1 turns
 48158 | Elf:1    | Reached skill level 16 in Fighting
 48609 | Elf:2    | Paralysed by an air elemental for 1 turns
 49464 | Elf:2    | Found a runed translucent gate.
 49464 | Elf:2    | Found a runed translucent gate.
 49467 | Elf:2    | Found a runed translucent gate.
 49699 | Elf:3    | Entered Level 3 of the Elven Halls
 49720 | Elf:3    | Reached skill level 10 in Staves
 49988 | Elf:3    | Found Xapoekhlay's Assorted Antiques.
 50018 | Elf:3    | Reached XP level 19. HP: 120/170 MP: 28/28
 50230 | Elf:3    | Reached skill level 11 in Staves
 50368 | Elf:3    | Reached skill level 17 in Fighting
 50767 | Elf:3    | Cast into level 3 of the Abyss (a deep elf demonologist)
 50774 | Abyss:3  | Found a corrupted altar of Lugonu.
 50965 | Abyss:4  | Noticed a bone dragon
 50990 | Abyss:4  | Killed a bone dragon
 51088 | Abyss:4  | Reached skill level 12 in Staves
 51088 | Abyss:4  | Reached XP level 20. HP: 112/180 MP: 29/29
 51088 | Abyss:4  | Reached XP level 21. HP: 117/187 MP: 30/30
 51088 | Abyss:4  | Got an abyssal rune of Zot
 51098 | Elf:3    | Escaped the Abyss
 51241 | Elf:3    | Paralysed by an air elemental for 1 turns
 51707 | Elf:3    | Identified the +7 quarterstaff "Luewuy" {protect, Stlth+}
 51707 | Elf:3    | Identified the amulet "Huamuxto" {rF+ Regen+}
 51755 | Elf:3    | Identified the +5 morningstar of Iczikynnur {freeze, Contam
                  | rElec Str+5 Dex+3}
 51832 | Elf:3    | Identified the ring "Ganatz" {*Slow rF+ Int+6}
 51856 | Elf:3    | Identified the ring of Nirpho {MP+9 Str+2 Int+4 Slay+3}
 51866 | Elf:3    | Reached skill level 18 in Fighting
 51907 | Elf:3    | Noticed a profane servitor
 53049 | Elf:3    | Identified the amulet "Epirafyxt" {Reflect Int+4 SH+5}
 53082 | Elf:3    | Killed a profane servitor
 53335 | Elf:3    | Reached *** piety under Zin
 53335 | Elf:3    | Reached **** piety under Zin
 53451 | Elf:3    | Reached ***** piety under Zin
 53578 | Elf:3    | Learned a level 2 spell: Blink
 53580 | Elf:3    | Learned a level 1 spell: Apportation
 53605 | Elf:3    | Reached skill level 1 in Translocations
 53857 | Elf:3    | Reached ****** piety under Zin
 53925 | Elf:3    | Reached skill level 13 in Staves
 53925 | Elf:3    | Reached skill level 2 in Translocations
 54438 | D:12     | Bought a manual of Staves for 1040 gold pieces
 54688 | Vaults:1 | Entered Level 1 of the Vaults
 54741 | Vaults:1 | Reached skill level 3 in Translocations
 55623 | Vaults:1 | Reached skill level 4 in Translocations
 55756 | Vaults:1 | Reached skill level 14 in Staves
 56139 | Vaults:1 | Reached skill level 5 in Translocations
 56707 | Vaults:1 | Reached skill level 6 in Translocations
 56918 | Vaults:1 | Reached skill level 15 in Staves
 57550 | Vaults:2 | Reached skill level 16 in Staves
 57850 | Vaults:2 | Reached skill level 17 in Staves
 58110 | Vaults:2 | Found Veuf's Magic Scroll Shoppe.
 58240 | Vaults:2 | Bought a scroll of magic mapping for 52 gold pieces
 58240 | Vaults:2 | Bought a scroll of fog for 30 gold pieces
 58247 | Vaults:2 | Found Uqanes's Antique Weapon Shop.
 58707 | Vaults:2 | Reached skill level 18 in Staves
 58710 | Vaults:2 | Identified the +4 kite shield "Ciasohost" {Fly Will+}
 58721 | Vaults:2 | Identified the +4 quarterstaff "Imolup" {flame, *Noise Fly
                  | Dex+3}
 59124 | Vaults:2 | Found a staircase to the Crypt.
 59155 | Vaults:2 | Reached XP level 22. HP: 114/196 MP: 31/31
 60268 | Vaults:2 | Found Gogg's Weapon Boutique.
 60460 | Vaults:2 | Was forgiven by Yredelemnul
 60773 | Vaults:3 | Reached skill level 19 in Staves
 61107 | Vaults:3 | Found Pot Heynyl's Weapon Shoppe.
 61709 | Vaults:3 | Reached skill level 20 in Staves
 63319 | Vaults:3 | Reached skill level 21 in Staves
 64530 | Vaults:3 | Reached skill level 22 in Staves
 65603 | Vaults:4 | Reached XP level 23. HP: 202/203 MP: 32/32
 66549 | Depths:1 | Entered Level 1 of the Depths
 67191 | Depths:1 | Reached skill level 23 in Staves
 67563 | Depths:1 | Found a one-way gateway to a ziggurat.
 68660 | Depths:1 | Found a gateway to Hell.
 69192 | Depths:2 | Found a one-way gate leading to the halls of Pandemonium.
 69772 | Depths:2 | Noticed Sojobo
 69782 | Depths:2 | Killed Sojobo
 70190 | Depths:2 | Reached skill level 5 in Dodging
 70348 | Depths:2 | Noticed a juggernaut
 70366 | Depths:2 | Killed a juggernaut
 71681 | Depths:3 | Found the necklace of Bloodlust {*Rage Will++ Int-3 Slay+6}
 71801 | Depths:3 | Reached skill level 8 in Armour
 71834 | Depths:3 | Found a one-way gate to the infinite horrors of the Abyss.
 71909 | Depths:3 | Reached skill level 5 in Shields
 72569 | Depths:3 | Found Odobanod's Book Shop.
 72571 | Depths:3 | Found Nisifos's Jewellery Shoppe.
 72572 | Depths:3 | Found Ponn's Book Shop.
 72819 | Depths:3 | Was placed under penance by Zin
 72890 | Depths:3 | Donated 723 gold pieces to Zin
 73398 | Depths:3 | Reached skill level 6 in Dodging
 73855 | Depths:4 | Entered Level 4 of the Depths
 74010 | Depths:4 | Was forgiven by Zin
 74758 | Depths:4 | Reached XP level 24. HP: 206/212 MP: 31/32
 75208 | Depths:4 | Found a gate to the Realm of Zot.
 75587 | Depths:4 | Reached skill level 6 in Shields
 75753 | Depths:4 | Found a blossoming altar of Fedhas.
 76444 | Vaults:5 | Entered Level 5 of the Vaults
 76464 | Vaults:5 | Was placed under penance by Zin
 76469 | Vaults:5 | Donated 440 gold pieces to Zin
 76510 | Vaults:5 | Reached skill level 24 in Staves
 76511 | Vaults:5 | Reached skill level 9 in Armour
 76513 | Vaults:5 | Identified the +6 mace "Teefito" {vorpal, *Rage rElec Str-2
                  | SInv}
 76526 | Vaults:5 | Reached skill level 19 in Fighting
 76609 | Vaults:5 | Reached skill level 7 in Dodging
 76680 | Vaults:5 | Noticed an ancient lich
 76719 | Vaults:5 | Killed an ancient lich
 77182 | Vaults:5 | Identified the ring of Paranoia {Fire rN+ Int+2}
 77653 | Vaults:5 | Noticed an ancient lich
 77674 | Vaults:5 | HP: 8/213 [ancient lich/crystal spear (95)]
 77675 | Vaults:5 | Slain by a vault guard

Illustrated notes

Levels and vault maps discovered:
D:1:      dpeg_arrival_rooms_a, layout_basic, chequers_serial_rivers_micro_c
D:2:      layout_loops_ring
D:3:      layout_rooms, overflow_temple_1_default, gammafunk_ghost_mausoleum,
          cheibrodos_sewer_entry_bend
D:4:      kb_forest_paths, layout_rooms, mainiacjoe_overflow_divided_tiny,
          grunt_decor_mini_mirrors
D:5:      layout_loops_ring, mainiacjoe_overflow_alcove_4,
          minmay_temple_entry_stoned_glass, uniq_sigmund
D:6:      cheibrodos_barr_body, layout_basic, gammafunk_ghost_icy, uniq_maggie
D:7:      layout_basic, nemelex_spade_bored_becter, uniq_joseph
D:8:      layout_layer_cave, nicolae_elyvilon_temple_path,
          serial_park_tiny_pond, minmay_ruffians, uniq_maurice
D:9:      layout_gridville, mainiacjoe_overflow_six_doors_small,
          minmay_lair_entry_grove
D:10:     layout_stronghold, kennysheep_orc_monster_closet_entryway
D:11:     layout_grid_maze, serial_shops, nicolae_shop_statue_plus
D:12:     layout_basic, serial_corexii_hall, chequers_hall_statues_wall_a,
          chequers_hall_statues_corner_a, enter_trove_6, serial_shops, shop,
          nicolae_lakefront_shop, kennysheep_mini_moat
D:13:     layout_stronghold, lightli_vaults_fourway_checkpoint,
          ploomutoo_gammafunk_ghost_potion_laboratory, nicolae_vehumet_radiance
D:14:     layout_rooms, serial_bayou_shore_a, minmay_misc_feat_plants
D:15:     hangedman_depths_entry_civil_slaughter, layout_loops_cross,
          serial_shops, nicolae_shop_stone, lemuel_flamethrower_3
Temple:   regret_index_temple_waves
Lair:1:   layout_gridlike, serial_bayou, serial_bayou_pond_c,
          serial_bayou_crossing, serial_bayou_pond_c, serial_bayou_lagoon_a,
          portal_ice_cave_rime, minivault_23, nicolae_lair_liquid_snakes
Lair:2:   layout_regular_city, serial_rivers, chequers_serial_rivers_large_a,
          chequers_serial_rivers_micro_e, chequers_serial_rivers_micro_e,
          chequers_serial_rivers_room_a, lemuel_fruit_fields,
          serial_bayou_shore_b
Lair:3:   layout_hall_layers, guppyfry_snake_entry_island, grunt_megastairs_5,
          lemuel_fruit_fields
Lair:4:   layout_roguey, minmay_swamp_entry_reptiles,
          grunt_forest_small_clearings
Lair:5:   layout_gridlike, dpeg_slime_entry_corner, minmay_lair_oklob_bushes
Lair:6:   minmay_lair_end_enchanted_forest, layout_long_grid, evilmike_ambush
          [evilmike_ambush_outer_basic, evilmike_ambush_inner_cross],
          grunt_megastairs_1, infiniplex_staircase_pool_2
Swamp:1:  layout_falls_marsh, nicolae_swamp_little_swirl, ldierk_geyser,
          nicolae_swamp_well_well_well
Swamp:2:  layout_falls_marsh, evilmike_swamp_ruin_house_4, uniq_jorgrun
Swamp:3:  nicolae_swamp_decorative_isthmus, layout_basic_swamp,
          evilmike_swamp_ruin_rubble_2, swamp_pool2, hangedman_swamp_phenomena,
          infiniplex_staircase_pool
Swamp:4:  swamp_old_school, layout_basic_swamp, swamp_pool4,
          cheibrodos_swamp_witchery, uniq_bai_suzhen, uniq_mlioglotl
Snake:1:  layout_basic
Snake:2:  layout_gridlike, uniq_saint_roka
Snake:3:  layout_grid_maze
Snake:4:  johnstein_snake_rune_scales, layout_basic, hangedman_snake_pattern
Orc:1:    layout_caves
Orc:2:    pubby_orc_utopia, serial_shops
Elf:1:    eino_elf_arrival_shootout, layout_geoelf_octagon,
          minmay_elf_annihilation, uniq_louise, uniq_zenata
Elf:2:    elven_hall_of_blades_hangedman_original [nicolae_blade_little_rooms],
          layout_rooms, minivault_16
Elf:3:    elf_hall_gauntlet_wide, layout_gridlike, serial_shops, shop_fountains
Vaults:1: infiniplex_enter_wizlab_glasses, ontoclasm_vaults_hangar,
          hangedman_vaults_pinch, v_rooms_4, hangedman_vaults_stream,
          nicolae_vaults_good_morning_starshine, v_misc_26,
          ontoclasm_vaults_twist, hangedman_vaults_corner,
          ontoclasm_vaults_shuriken, vaults_mumra_hex,
          vaults_room_stairs_pillars, layout_vaults_maze, serial_shops
Vaults:2: nicolae_vaults_inception_scallops, vaults_room_door_ring,
          vaults_room_hangedman_quadrants, vaults_room_pool,
          blue_anna_dwarven_crypt, v_misc_17, vaults_dpeg_hooks,
          nicolae_vaults_arrows, v_misc_27, v_misc_17, v_misc_12, v_misc_18,
          vaults_dpeg_ring, vaults_dpeg_cross, hangedman_vaults_capsules,
          vaults_room_stairs_pillars, layout_vaults_omnibox, serial_shops,
          nicolae_shop_trees, nicolae_shop_window_shopping, shop
Vaults:3: hangedman_vaults_river_flow, v_misc_31, grunt_vaults_twisty,
          nicolae_vaults_theta, v_misc_22, nicolae_vaults_branching_niches,
          vaults_mumra_chevron_long, vaults_room_semicircle,
          nicolae_vaults_network_barrier, nicolae_vaults_little_squares_2,
          vaults_room_octagon, hangedman_vaults_nails, layout_vaults_omnicross,
          serial_shops, nicolae_shop_bloodbath_and_beyond
Vaults:4: nicolae_vaults_what_the_h, ontoclasm_vaults_ring_small,
          vaults_mumra_hexcomb, vaults_room_pool, vaults_room_grid,
          grunt_vaults_funnel, v_misc_17, ontoclasm_vaults_shout,
          nicolae_vaults_circle_grid_a, v_misc_13, ontoclasm_vaults_gateway,
          layout_vaults_omnigrid
Vaults:5: serial_shops
Depths:1: layout_gridlike, enter_ziggurat_f, grunt_mini_vestibule,
          chequers_hall_statues_corner_a, serial_bayou_ford_a,
          lemuel_nasty_fountain
Depths:2: cheibrodos_hall_of_evolution, layout_basic, pan_entry, pf_coc_iceberg,
          serial_bayou_pond_d, infiniplex_staircase_split_hallway, uniq_sojobo
Depths:3: minmay_box_of_statues, layout_cave_shapes, hell_entry,
          hangedman_abyss_entry_splay, infiniplex_staircase_zigzag_4,
          serial_bayou_shore_b, minmay_shop_grove, grunt_megastairs_2,
          uniq_parghit
Depths:4: grunt_zot_entry_alcove, layout_basic, fedhas_altar_2, hell_entry,
          roderic_lattice_octagonal_star

Skill      XL: |  1  2  3  4  5  6  7  8  9 10 11 12 13 14 15 16 17 18 19 20 21 22 23 24 |
---------------+-------------------------------------------------------------------------+-----
Stealth        | 2 3 |  3.0
Earth Magic    | 3 4 5 |  5.0
Fighting       | 2 3 4 6 8 10 12 14 16 17 18 19 | 19.1
Conjurations   | 2 3 |  3.0
Shields        | 2 3 4 5 6 |  6.9
Maces & Flails | 2 8 10 13 15 | 15.1
Invocations    | 2 5 8 9 12 | 12.0
Armour         | 3 4 7 8 9 |  9.3
Dodging        | 4 6 7 |  7.3
Evocations     | 4 10 12 15 18 | 18.0
Staves         | 5 6 10 12 18 22 23 24 | 24.3
Translocations | 6 |  6.0
Spellcasting   | |  2.0
Transmutations | |  1.0

Action                   |  1- 3 |  4- 6 |  7- 9 | 10-12 | 13-15 | 16-18 | 19-21 | 22-24 || total
-------------------------+-------+-------+-------+-------+-------+-------+-------+-------++-------
Melee: Dagger            |    32 |       |       |       |       |       |       |       ||    32
       Tailslap          |    10 |    15 |    18 |    75 |   167 |   171 |   224 |   514 ||  1194
       Short sword       |    25 |    13 |       |       |       |       |       |       ||    38
       Punch             |     1 |       |       |       |       |       |       |       ||     1
       Quarterstaff      |       |    72 |     1 |       |       |       |       |       ||    73
       Eveningstar       |       |       |   179 |   427 |   315 |       |       |       ||   921
       Staff             |       |       |       |    19 |   729 |  1072 |   965 |  2021 ||  4806
Throw: Dart              |     6 |       |     1 |     1 |       |       |       |     3 ||    11
 Cast: Sandblast         |    32 |    12 |       |       |       |       |       |       ||    44
       Stone Arrow       |       |       |     9 |       |       |       |       |       ||     9
       Passwall          |       |       |     1 |     1 |       |       |       |       ||     2
Invok: Dark Bargain      |       |       |       |     4 |       |       |       |       ||     4
       Recall Undead Har |       |       |       |     3 |    21 |    24 |       |       ||    48
       Drain Life        |       |       |       |     1 |     4 |     1 |       |       ||     6
       Bind Soul         |       |       |       |       |     2 |     1 |       |       ||     3
       Recite            |       |       |       |       |       |     3 |     3 |     9 ||    15
       Vitalisation      |       |       |       |       |       |       |     4 |     7 ||    11
       Donate Gold       |       |       |       |       |       |       |       |     2 ||     2
 Abil: Rolling Charge    |       |     6 |    23 |    41 |    40 |    77 |    31 |    97 ||   315
Evoke: Wand              |       |       |     1 |     8 |     5 |    24 |     3 |    24 ||    65
       Tin of tremorston |       |       |       |     1 |     4 |    10 |     4 |    12 ||    31
       Phantom mirror    |       |       |       |     1 |     1 |     4 |     2 |     4 ||    12
       Lightning rod     |       |       |       |       |     9 |    13 |     3 |    19 ||    44
       Box of beasts     |       |       |       |       |       |     1 |       |       ||     1
       Condenser vane    |       |       |       |       |       |       |     2 |     5 ||     7
  Use: Scroll            |       |     3 |     7 |    13 |    12 |    11 |    13 |    12 ||    71
       Potion            |       |     1 |       |     2 |     1 |     4 |    12 |     7 ||    27
 Stab: Sleeping          |     2 |     1 |     1 |     2 |     7 |     9 |     5 |     6 ||    33
       Paralysed         |       |       |     4 |     4 |       |     9 |    10 |     2 ||    29
       Distracted        |       |       |     1 |     4 |     6 |     6 |       |     1 ||    18
       Petrified         |       |       |       |       |     6 |       |       |       ||     6
       Confused          |       |       |       |       |     2 |     1 |     1 |     8 ||    12
       Fleeing           |       |       |       |       |       |     1 |       |       ||     1
Armor: Robe              |    20 |    27 |    23 |       |       |       |       |       ||    70
       Steam dragon scal |       |       |    24 |     2 |       |       |       |       ||    26
       Leather armour    |       |       |       |   143 |   354 |   581 |   599 |   845 ||  2522
       Quicksilver drago |       |       |       |       |       |       |       |   260 ||   260
Dodge: Dodged            |    26 |    44 |    72 |   145 |   271 |   206 |   215 |   343 ||  1322
Block: Buckler           |       |       |    73 |   172 |   497 |   554 |   497 |   547 ||  2340
       Reflection        |       |       |     6 |    13 |    25 |    70 |    44 |    51 ||   209
       Kite shield       |       |       |       |       |       |       |       |   471 ||   471

Table legend: (Time is in decaauts)
 A = Elapsed time spent in this place.
 B = Non-inter-level travel time spent in this place.
 C = Inter-level travel time spent in this place.
 D = Time resting spent in this place.
 E = Time spent auto-exploring this place.
 F = Levels seen in this place.
 G = Mean time per level.
                   A        B        C        D        E       F      G
               +--------+--------+--------+--------+--------+-----+--------+
         Total |  76509 |  72498 |   4011 |  14209 |  47320 |  47 | 1627.9 |
       Dungeon |  23133 |  21322 |   1811 |   3772 |  14510 |  15 | 1542.2 |
        Temple |     76 |     45 |     31 |      0 |     28 |   1 |   76.0 |
          Lair |   8224 |   7820 |    404 |   1496 |   5200 |   6 | 1370.7 |
         Swamp |   5025 |   4884 |    141 |   1044 |   3054 |   4 | 1256.2 |
     Snake Pit |   7288 |   7052 |    236 |   1176 |   5062 |   4 | 1822.0 |
  Orcish Mines |   3908 |   3551 |    357 |   1194 |   1742 |   2 | 1954.0 |
   Elven Halls |   6622 |   6386 |    236 |   2312 |   3049 |   3 | 2207.3 |
        Vaults |  12762 |  12244 |    518 |   1710 |   8501 |   5 | 2552.4 |
        Depths |   9131 |   8857 |    274 |   1504 |   6170 |   4 | 2282.8 |
         Abyss |    308 |    308 |      0 |      0 |      0 |   2 |  154.0 |
      Ice Cave |     27 |     27 |      0 |      0 |      0 |   1 |   27.0 |
               +--------+--------+--------+--------+--------+-----+--------+

Top non-repeatable levels by time:
   Elf:3: 3828 daAuts
Vaults:3: 3653 daAuts
Vaults:2: 3312 daAuts
   Orc:2: 3259 daAuts
Vaults:1: 2771 daAuts
     D:7: 2547 daAuts
Depths:1: 2528 daAuts
Depths:3: 2464 daAuts
Depths:4: 2252 daAuts
 Swamp:4: 2235 daAuts
 Snake:4: 2214 daAuts
  Lair:6: 2067 daAuts
    D:13: 2004 daAuts
 Snake:3: 1987 daAuts
    D:10: 1934 daAuts
